 Dungeon Crawl Stone Soup version 0.30-a0-578-gdee14c521f (webtiles) character file.

Game seed: 14977421573829836461

4415 bande the Cleaver (level 10, -4/61 HPs)
             Began as a Gargoyle Fighter on Jan 1, 2023.
             Was a High Priest of Okawaru.
             Slain by a manticore (9 damage)
             ... on level 9 of the Dungeon.
             The game lasted 00:16:05 (8500 turns).

bande the Cleaver (Gargoyle Fighter)                Turns: 8500, Time: 00:16:06

Health: -4/61      AC: 33    Str: 20    XL:     10   Next: 36%
Magic:  14/14      EV:  4    Int:  9    God:    Okawaru [*****.]
Gold:   465        SH: 11    Dex: 19    Spells: 9/9 levels left

rFire   . . .      SeeInvis .    f - +2 broad axe (freeze)
rCold   . . .      Faith    .    C - +0 kite shield {AC+3}
rNeg    + . .      Spirit   .    x - +0 plate armour
rPois   ∞          Reflect  .    g - +0 helmet
rElec   +          Harm     .    u - +2 cloak
rCorr   .          Rampage  .    D - +2 pair of gloves
Will    .....                    b - +1 pair of boots Stlth
                                 (no amulet)
HPRegen 0.30/turn                h - +6 ring of dexterity
MPRegen 0.14/turn                (no ring)

@: no status effects
A: sickness immunity, AC +7, negative energy resistance 1, electricity
resistance, torment resistance 1, petrification resistance
a: Renounce Religion, Heroism, Finesse, Duel


You were on level 9 of the Dungeon.
You worshipped Okawaru.
Okawaru was extremely pleased with you.
You visited 2 branches of the dungeon, and saw 10 of its levels.
You also visited: Ossuary.

You collected 614 gold pieces.
You spent 149 gold pieces at shops.

Inventory:

Hand Weapons
 a - a +0 war axe
 f - a +2 broad axe of freezing (weapon)
 t - a +4 mace of protection
Armour
 b - a +1 pair of boots (worn)
 g - a +0 helmet (worn)
 u - a +2 cloak (worn)
 x - a +0 plate armour (worn)
 C - a +0 kite shield of protection (worn)
 D - a +2 pair of gloves (worn)
Jewellery
 h - a +6 ring of dexterity (left hand)
 k - a ring of fire
 s - a ring of magical power
 w - a ring of fire
 G - an amulet of magic regeneration
Scrolls
 l - a scroll of poison
 o - a scroll of magic mapping
 r - a scroll of enchant armour
 y - 2 scrolls of fog
 z - 6 scrolls of teleportation
 A - 2 scrolls of fear
 E - 2 scrolls of amnesia
 F - a scroll of blinking
 H - a scroll of brand weapon
Potions
 c - a potion of flight
 d - a potion of might
 e - 5 potions of brilliance
 i - 3 potions of berserk rage
 j - 4 potions of ambrosia
 m - 5 potions of heal wounds
 n - 2 potions of magic
 p - 3 potions of haste
 q - a potion of mutation
 v - 6 potions of curing
 B - a potion of cancellation {unknown}


   Skills:
 + Level 6.6 Fighting
 + Level 9.4 Axes
 + Level 7.2 Armour
 - Level 0.1 Stealth
 + Level 5.9 Shields
 * Level 6.4 Invocations


You had 9 spell levels left.
You didn't know any spells.
Your spell library contained the following spells:

 Spells                   Type           Power      Damage    Failure   Level
 Slow                     Hex            0%         N/A       100%        1
 Confusing Touch          Hex            0%         N/A       100%        3
 Vampiric Draining        Necr           0%         2d6       100%        3


Dungeon Overview and Level Annotations

Branches:
Dungeon (9/15)             Temple (1/1) D:4         Ossuary (visited)
   Lair: D:8-11         Orc: D:9-12

Altars:
Ashenzari
Cheibriados
Dithmenos
Elyvilon
Fedhas
Gozag
Kikubaaqudgha
Nemelex Xobeh
Okawaru
Qazlal
Ru
Sif Muna
Trog
Uskayaw
Vehumet
Wu Jian
Xom
Yredelemnul
The Shining One

Shops:
D:3 =   D:7 =[[[

Annotations:
D:9 Erica


Innate Abilities, Weirdness & Mutations

You are immune to sickness and miasma.
Your stone body is resilient. (AC +7)
You are immune to poison.
You resist negative energy. (rN+)
You are resistant to electric shocks. (rElec)
You are resistant to unholy torment.
You are immune to petrification.


Message History

You are too injured to fight recklessly!
You are too injured to fight recklessly!
You are too injured to fight recklessly!
You are too injured to fight recklessly!
You are too injured to fight recklessly!
Unknown command.
You feel much better.
The manticore bites you but does no damage.
You block the manticore's attack. x2; Something hits you but does no damage.
Unknown command.
You hit something. You freeze something. You slash the manticore!
You freeze the manticore. Something hits you but does no damage.
The manticore bites you!
The manticore claws you but does no damage.
The manticore claws you!
Unknown command.
You slash something! You freeze something. You barely miss the manticore.
Something hits you but does no damage. The manticore bites you.
The manticore claws you.
The manticore claws you but does no damage.
You slash something! You freeze something. You closely miss the manticore.
Something hits you!
* * * LOW HITPOINT WARNING * * *
Something burns you.
* * * LOW HITPOINT WARNING * * *
You block the manticore's attack. x2
The manticore claws you but does no damage.
Unknown command.
You miss something. You barely miss the manticore.
Something hits you but does no damage. You block the manticore's attack.
The manticore claws you but does no damage. x2
Something hits you but does no damage.
The manticore bites you but does no damage.
The manticore barely misses you. The manticore claws you.
* * * LOW HITPOINT WARNING * * *
Unknown command.
You slash something! You freeze something. You hit the manticore.
You freeze the manticore. Something hits you but does no damage.
You block the manticore's attack. x2; The manticore claws you!
You die...

#.#.## #.#..
#.#.# ##
#.=.## # #..
#....#.#
#...
#._....#
#...###H...#
.......@..#
.......{#.#
........#.#
#...#.#†#.#
#...#.#$#.#
....<.....#
##.##.....#
#...≈.#
#...≈.#


You could see a manticore.

Vanquished Creatures
  Prince Ribbit (D:8)
  A shadow (D:8)
  A wyvern (D:8)
  4 yaks (D:8)
  Grum (D:8)
  Edmund (D:6)
  A water moccasin (D:5)
  A sky beast (D:6)
  A black bear (D:6)
  A hornet zombie (Ossuary)
  4 ice beasts
  2 wolves (D:8)
  2 centaurs
  2 ogres
  2 bullfrogs
  2 scorpions
  4 necrophages
  A water moccasin zombie (Ossuary)
  5 wights (D:5)
  3 howler monkeys
  2 centaur zombies (Ossuary)
  6 bullfrog zombies (Ossuary)
  A hound (D:7)
  17 mummies (Ossuary)
  3 iguanas
  2 killer bee zombies (Ossuary)
  2 howler monkey zombies (Ossuary)
  3 gnolls (D:6)
  8 adders
  3 white imps (D:7)
  An ufetubus (D:5)
  2 adder zombies (D:2)
  3 worms
  A dart slug (D:1)
  6 orcs
  7 ball pythons
  7 bats
  10 endoplasms
  A giant cockroach (D:3)
  4 goblins
  6 hobgoblins
  4 jackals (D:3)
  2 quokkas
  A ball python skeleton (D:2)
  2 ball python zombies (D:2)
  4 frilled lizards (D:1)
  A giant cockroach zombie (D:2)
  A goblin zombie (D:8)
  6 kobolds
  3 rats
159 creatures vanquished.

Vanquished Creatures (others)
  6 plants (D:1)
  6 withered plants
12 creatures vanquished.

Grand Total: 171 creatures vanquished

Notes
Turn   | Place    | Note
-------+----------+-------------------------------------------
     0 | D:1      | bande the Gargoyle Fighter began the quest for the Orb.
     0 | D:1      | Reached XP level 1. HP: 14/14 MP: 1/1
   197 | D:1      | Reached XP level 2. HP: 19/19 MP: 2/2
   368 | D:1      | Reached skill level 2 in Axes
   907 | D:1      | Reached XP level 3. HP: 21/23 MP: 3/3
  1585 | D:2      | Reached XP level 4. HP: 24/28 MP: 4/4
  1928 | D:3      | Reached skill level 3 in Axes
  2321 | D:3      | Found Gipn's Jewellery Boutique.
  2463 | D:3      | Reached XP level 5. HP: 33/33 MP: 5/5
  2892 | D:4      | Identified a scroll of acquirement
  2892 | D:4      | Acquired a +1 broad axe of venom
  3007 | D:4      | Noticed an ogre
  3010 | D:4      | Killed an ogre
  3011 | D:4      | Reached skill level 4 in Axes
  3021 | D:4      | Reached XP level 6. HP: 38/38 MP: 6/6
  3092 | D:4      | Found a staircase to the Ecumenical Temple.
  3104 | Temple   | Entered the Ecumenical Temple
  3149 | Temple   | Became a worshipper of Warmaster Okawaru
  3176 | D:4      | Found a sacrificial altar of Ru.
  3458 | D:5      | Entered Level 5 of the Dungeon
  3549 | D:5      | Reached skill level 1 in Invocations
  3552 | D:5      | Reached XP level 7. HP: 35/43 MP: 7/7
  3558 | D:5      | Reached skill level 5 in Axes
  3561 | D:5      | Reached * piety under Okawaru
  3625 | D:5      | Identified the +3 dagger of War {pain, Will+}
  3702 | D:5      | Reached skill level 5 in Armour
  4071 | D:5      | Reached XP level 8. HP: 40/48 MP: 9/9
  4161 | D:5      | Reached skill level 6 in Axes
  4258 | D:5      | Reached ** piety under Okawaru
  4339 | D:6      | Noticed Edmund
  4351 | D:6      | Killed Edmund
  4352 | D:6      | Reached skill level 5 in Fighting
  4363 | D:5      | Reached skill level 7 in Axes
  4569 | D:5      | Reached skill level 5 in Shields
  4569 | D:5      | Reached XP level 9. HP: 28/54 MP: 12/12
  5156 | D:6      | Found a blossoming altar of Fedhas.
  5279 | D:6      | Reached *** piety under Okawaru
  5328 | D:6      | Found a shimmering altar of Xom.
  5373 | D:6      | Found an opulent altar of Gozag.
  5552 | D:7      | Found Vell's Armour Shop.
  5900 | D:7      | Found Gimuijem's Jewellery Emporium.
  5940 | D:7      | Found Yfuc's Antique Armour Shoppe.
  5972 | D:7      | Found a stormy altar of Qazlal.
  6291 | D:7      | Found Fysonot's Armour Emporium.
  6294 | D:7      | Bought a +0 kite shield of protection for 149 gold pieces
  6410 | D:8      | Found a sand-covered staircase.
  6420 | Ossuary  | Entered an ossuary
  6520 | Ossuary  | Reached skill level 5 in Invocations
  6544 | Ossuary  | Reached skill level 8 in Axes
  6654 | Ossuary  | Reached **** piety under Okawaru
  6916 | D:8      | Found a bloodstained altar of Trog.
  6916 | D:8      | Found an ornate altar of the Wu Jian Council.
  6961 | D:8      | Found a radiant altar of Vehumet.
  6961 | D:8      | Found a shadowy altar of Dithmenos.
  7052 | D:8      | Reached XP level 10. HP: 44/61 MP: 14/14
  7055 | D:8      | Reached skill level 9 in Axes
  7207 | D:8      | Noticed Prince Ribbit
  7215 | D:8      | Killed Prince Ribbit
  7841 | D:8      | Found a glowing golden altar of the Shining One.
  7841 | D:8      | Noticed Grum
  7861 | D:8      | Killed Grum
  8483 | D:9      | Found a broken altar of Ashenzari.
  8485 | D:9      | Noticed Erica
  8489 | D:9      | Reached ***** piety under Okawaru
  8489 | D:9      | Noticed a manticore
  8500 | D:9      | Slain by a manticore

Illustrated notes

Levels and vault maps discovered:
D:1:      denvon_arrival_planthouse, layout_basic
D:2:      layout_loops_corners, serial_undead, serial_undead_c, serial_undead_c,
          serial_undead_f, serial_undead_c
D:3:      layout_loops_ring, serial_shops, shop
D:4:      layout_cave_pools, mainiacjoe_overflow_brackets,
          minmay_temple_entry_mist
D:5:      layout_gridville
D:6:      layout_cave_pools, fedhas_ov_isle_minmay, kennysheep_little_box,
          mainiacjoe_overflow_alcove_4, uniq_edmund
D:7:      statuecave_lemuel, layout_loops_corners, kennysheep_mini,
          serial_shops, nicolae_square_shop, nicolae_shop_advertising_works
          [nicolae_subvault_shop_adworks], kennysheep_mini_moat,
          nicolae_diamond_shop
D:8:      layout_layer_cave, chequers_temple_overflow_statue_of_worship,
          tso_altar, gammafunk_temple_overflow_statue, enter_ossuary_3,
          kennysheep_small_square, uniq_grum, uniq_prince_ribbit1
D:9:      layout_loops_ring, mainiacjoe_overflow_boulevard, uniq_erica,
          uniq_maggie
Temple:   hellmonk_temple_two_chambers

Skill      XL: |  1  2  3  4  5  6  7  8  9 10 |
---------------+-------------------------------+-----
Axes           | 2 3 4 5 7 8 9 |  9.4
Armour         | 4 5 6 7 |  7.2
Fighting       | 4 5 6 |  6.6
Shields        | 4 5 |  5.9
Invocations    | 1 2 4 5 6 |  6.4
Stealth        | |  0.1

Action                   |  1- 3 |  4- 6 |  7- 9 | 10-12 || total
-------------------------+-------+-------+-------+-------++-------
Melee: War axe           |   135 |    86 |       |       ||   221
       Broad axe         |       |    32 |   272 |    60 ||   364
  Use: Scroll            |       |    12 |    16 |       ||    28
       Potion            |       |       |       |     1 ||     1
Armor: Scale mail        |    92 |    31 |       |       ||   123
       Plate armour      |       |    87 |   212 |    57 ||   356
Dodge: Dodged            |    63 |    43 |    62 |    14 ||   182
Block: Buckler           |    30 |    32 |    40 |       ||   102
       Kite shield       |       |       |    70 |    44 ||   114

Table legend: (Time is in decaauts)
 A = Elapsed time spent in this place.
 B = Non-inter-level travel time spent in this place.
 C = Inter-level travel time spent in this place.
 D = Time resting spent in this place.
 E = Time spent auto-exploring this place.
 F = Levels seen in this place.
 G = Mean time per level.
                   A        B        C        D        E       F      G
               +--------+--------+--------+--------+--------+-----+--------+
         Total |   8762 |   8563 |    199 |    908 |   5899 |  11 |  796.5 |
       Dungeon |   8222 |   8023 |    199 |    908 |   5672 |   9 |  913.6 |
        Temple |     56 |     56 |      0 |      0 |     11 |   1 |   56.0 |
       Ossuary |    482 |    482 |      0 |      0 |    215 |   1 |  482.0 |
               +--------+--------+--------+--------+--------+-----+--------+

Top non-repeatable levels by time:
     D:8: 1654 daAuts
     D:5: 1409 daAuts
     D:7: 1011 daAuts
     D:2: 981 daAuts
     D:1: 970 daAuts
     D:3: 940 daAuts
     D:4: 614 daAuts
     D:6: 577 daAuts
 Ossuary: 482 daAuts
     D:9: 63 daAuts
  Temple: 56 daAuts
